 Dungeon Crawl Stone Soup version 0.29.1-1-gd02db6906a (webtiles) character file.

Game seed: 9630824717782290721

57 Icepheonix32 the Insei (level 4, -2/32 HPs)
             Began as a Merfolk Transmuter on Oct 5, 2022.
             Slain by an orc
             ... wielding a +0 mace
              (4 damage)
             ... on level 3 of the Dungeon.
             The game lasted 00:02:11 (2592 turns).

Icepheonix32 the Insei (Merfolk Transmuter)         Turns: 2592, Time: 00:02:11

Health: -2/32      AC:  3    Str: 10    XL:     4   Next: 0%
Magic:  4/7        EV: 13    Int: 14    God:
Gold:   150        SH:  0    Dex: 14    Spells: 1/7 levels left

rFire   . . .      SeeInvis .     - Unarmed
rCold   . . .      Faith    .   (no shield)
rNeg    . . .      Spirit   .   a - +1 robe
rPois   .          Reflect  .   (helmet currently unavailable)
rElec   .          Harm     .   (no cloak)
rCorr   .          Rampage  .   (no gloves)
Will    .....                   (boots currently unavailable)
Stlth   +.........              (no amulet)
HPRegen 0.10/turn               (no ring)
MPRegen 0.10/turn               (no ring)

@: appendages, wereblooded
A: horns 2, (nimble swimmer 2), mertail
a: End Transformation


You were on level 3 of the Dungeon.
You had temporarily grown beastly horns.
You visited 1 branch of the dungeon, and saw 3 of its levels.

You collected 150 gold pieces.

Inventory:

Hand Weapons
 c - a +0 mace of protection
 j - a +4 dagger of speed
Armour
 a - a +1 robe (worn)
Scrolls
 d - a scroll of amnesia {unknown}
 g - a scroll of identify
Potions
 b - a potion of lignification
 e - a potion of heal wounds
 f - a potion of flight {unknown}
 h - a potion of attraction {unknown}
 l - a potion of curing {unknown}
 n - a potion of brilliance {unknown}


   Skills:
 + Level 1.1 Fighting
 + Level 3.2 Dodging
 + Level 0.2 Stealth
 + Level 4.0 Unarmed Combat
 + Level 2.2 Spellcasting
 * Level 3.9 Transmutations
 * Level 0.2 Poison Magic


You had one spell level left.
You knew the following spells:

 Your Spells              Type           Power      Damage    Failure   Level
a - Beastly Appendage     Tmut           24%        N/A       4%          1
b - Wereblood             Tmut           12%        N/A       7%          2
c - Spider Form           Tmut/Pois      7%         N/A       30%         3

Your spell library contained the following spells:

 Spells                   Type           Power      Damage    Failure   Level
 Freeze                   Ice            4%         1d3       24%         1
 Sandblast                Erth           2%         2d4       24%         1
 Passwall                 Tmut/Erth      5%         N/A       16%         2
 Frozen Ramparts          Ice            2%         1d1       56%         3
 Stone Arrow              Conj/Erth      2%         3d7       56%         3
 Ice Form                 Ice/Tmut       7%         N/A       71%         4
 Hailstorm                Conj/Ice       1%         3d3       93%         4


Dungeon Overview and Level Annotations

Branches:
Dungeon (3/15)

Altars:


Innate Abilities, Weirdness & Mutations

You have temporarily grown beastly horns.
((You are very nimble when in or above water. (Stealth+, EV+, Speed+++)))
Your lower body shifts to a powerful aquatic tail in water.


Message History

An orc and an orc wizard come into view.
The orc wizard is wielding a +4 vampiric dagger.
Found a metallic cyan potion.
Found an escape hatch in the ceiling.
An orc and an adder come into view.
The orc shouts!
The orc wizard shouts!
The orc shouts!
The adder hisses angrily.
You hear a shout! x2
An orc priest and an endoplasm come into view.
The orc priest looks encouraged for a moment.
Casting: Beastly Appendage (safe; 5% risk of failure)
Confirm with . or Enter, or press ? or * to list all spells.
Your blood is infused with primal strength.
The adder bites you. The adder bites you but does no damage.
You hit the adder but do no damage. You punch the adder.
The adder is moderately wounded.
The adder completely misses you.
You hit the adder. You headbutt the adder.
You feel a bit better.
You kill the adder!
You have reached level 4!
You closely miss the orc wizard. Your punch misses the orc wizard.
A bat comes into view.
You barely miss the orc. You headbutt the orc.
The orc is lightly wounded.
The orc wizard closely misses you. The orc closely misses you.
You hit the orc wizard but do no damage.
You headbutt the orc wizard.
The orc wizard is moderately wounded.
The orc wizard barely misses you. The orc misses you.
You hit the orc wizard but do no damage.
The orc wizard is moderately wounded.
The orc wizard hits you with a +4 vampiric dagger.
The orc hits you with a +0 mace.
You hit the orc.
The orc is heavily wounded.
The orc priest calls down the wrath of Beogh upon you.
Beogh smites you! The orc wizard casts a spell at you.
The puff of flame hits you!
* * * LOW HITPOINT WARNING * * *
The orc hits you with a +0 mace.
You die...

.......#.#
#.#
........>#
#.#
.......#.#
#.#
.......#.#
#.#
.......#.#
#.# ######..#
#.# #..## #.#
###o## #.#
#oo@# #.#
#######o####
#.#
.......o...#
#.#
...........#
#.#
..(.......o#
#.#
......g.....#
#.#########
............#
#........<#
..........o.#
###########
....!..<....#


You could see an orc priest, an orc wizard and 2 orcs.

Vanquished Creatures
  2 adders
  3 dart slugs (D:2)
  2 ball pythons
  3 endoplasms
  A giant cockroach (D:1)
  2 goblins
  4 hobgoblins
  A quokka (D:1)
  8 bats
  2 frilled lizards
  3 kobolds
  2 rats
33 creatures vanquished.

Notes
Turn   | Place    | Note
-------+----------+-------------------------------------------
     0 | D:1      | Icepheonix32 the Merfolk Transmuter began the quest for the
                  | Orb.
     0 | D:1      | Reached XP level 1. HP: 15/15 MP: 3/3
   471 | D:1      | Reached XP level 2. HP: 17/21 MP: 3/5
   694 | D:1      | Found a faded altar of an unknown god.
  1309 | D:2      | Reached XP level 3. HP: 22/26 MP: 6/6
  1312 | D:2      | Learned a level 2 spell: Wereblood
  1316 | D:2      | Learned a level 3 spell: Spider Form
  1906 | D:2      | Reached skill level 4 in Unarmed Combat
  2588 | D:3      | Reached XP level 4. HP: 30/32 MP: 4/7
  2592 | D:3      | Slain by an orc

Illustrated notes

Levels and vault maps discovered:
D:1:      minmay_arrival_semitransparent, layout_basic,
          ebering_ecumenical_altar_mist, minivault_26
D:2:      layout_basic
D:3:      layout_basic, gammafunk_ghost_gnarly_gnolls

Skill      XL: |  1  2  3 |
---------------+----------+-----
Transmutations | 3 |  3.9
Dodging        | 3 |  3.2
Unarmed Combat | 4 |  4.0
Fighting       | |  1.1
Stealth        | |  0.2
Spellcasting   | |  2.2
Poison Magic   | |  0.2

Action                   |  1- 3 |  4- 6 || total
-------------------------+-------+-------++-------
Melee: Unarmed           |   102 |     5 ||   107
       Headbutt          |    10 |     2 ||    12
       Punch             |     1 |       ||     1
 Cast: Beastly Appendage |    19 |       ||    19
       Wereblood         |     1 |       ||     1
  Use: Scroll            |     6 |       ||     6
 Stab: Sleeping          |     1 |       ||     1
Armor: Robe              |    26 |       ||    26
Dodge: Dodged            |    73 |     4 ||    77
